 Dungeon Crawl Stone Soup version 0.28.0-45-g0d030f2227 (webtiles) character file.

Game seed: 14499943869254901486

32 pkoi the Charlatan (level 2, 0/22 HPs)
             Began as a Demigod Artificer on Apr 23, 2022.
             Killed from afar by Natasha (10 damage)
             ... with a magic dart
             ... on level 2 of the Dungeon.
             The game lasted 00:02:06 (2404 turns).

pkoi the Charlatan (Demigod Artificer)              Turns: 2404, Time: 00:02:06

Health: 0/22       AC:  3    Str: 13    XL:     2   Next: 93%
Magic:  4/4        EV: 11    Int: 13    God:
Gold:   121        SH:  0    Dex: 14    Spells: 1/1 levels left

rFire   . . .      SeeInvis .   n - +3 dagger
rCold   . . .      Faith    .   (no shield)
rNeg    . . .      Spirit   .   b - +0 leather armour
rPois   .          Reflect  .   (no helmet)
rElec   .          Harm     .   (no cloak)
rCorr   .          Rampage  .   (no gloves)
Will    .....                   (no boots)
Stlth   +.........              (no amulet)
HPRegen 0.07/turn               (no ring)
MPRegen 0.09/turn               (no ring)

@: no status effects
A: high MP 1, forlorn, divine attributes
a: no special abilities


You were on level 2 of the Dungeon.
You visited 1 branch of the dungeon, and saw 3 of its levels.

You collected 121 gold pieces.

Inventory:

Hand Weapons
 a - a +0 club
 k - a +0 dagger
 n - a +3 dagger (weapon)
Missiles
 f - 4 poisoned darts
Armour
 b - a +0 leather armour (worn)
Wands
 c - a wand of flame (10) (quivered)
 d - a wand of charming (15)
Scrolls
 h - a scroll of enchant armour {unknown}
 i - a scroll of torment {unknown}
 l - a scroll of identify {unknown}
 m - a scroll of teleportation {unknown}
Potions
 g - a potion of resistance {unknown}
 j - a potion of flight {unknown}
Miscellaneous
 e - a piece from Xom's chessboard (15/15)


   Skills:
 - Level 0.8 Fighting
 - Level 1.7 Armour
 - Level 0.8 Dodging
 - Level 0.8 Stealth
 * Level 1.4 Unarmed Combat
 - Level 3.4 Evocations


You had one spell level left.
You didn't know any spells.
Your spell library was empty.

Dungeon Overview and Level Annotations

Branches:
Dungeon (3/15)

Shops:
D:3 *

Annotations:
D:2 Natasha


Innate Abilities, Weirdness & Mutations

You have an increased reservoir of magic. (+10% MP)
You shall have no god before yourself.
Your divine heritage dramatically boosts your attributes as you level up.


Message History

Aim: a kobold, wielding a +3 dagger (64% to hit)
The puff of flame hits the kobold.
You kill the kobold!
Unknown command.
You now have 111 gold pieces (gained 5).
Things that are here:
a +3 dagger; a kobold corpse
n - a +3 dagger
n - a +3 dagger (weapon)
Found 17 stones.
You see here 17 stones.
You now have 121 gold pieces (gained 10).
Found an escape hatch in the floor.
There is an escape hatch in the floor here.
There is an escape hatch in the floor here.
Natasha, Servant of Life and Death comes into view.
Natasha hisses angrily.
Natasha is nearby!
Natasha is nearby!
There is a stone staircase leading down here.
Natasha barely misses you.
You climb downwards.
Found Cirrogex's Assorted Antiques.
There is a stone staircase leading up here.
Natasha barely misses you.
You climb upwards.
There is a stone staircase leading down here.
You barely miss Natasha. Natasha closely misses you.
You hit Natasha but do no damage. Natasha claws you but does no damage.
You barely miss Natasha. Your punch misses Natasha. Natasha claws you.
* * * LOW HITPOINT WARNING * * *
You hit Natasha.
Natasha is moderately wounded.
Natasha claws you.
* * * LOW HITPOINT WARNING * * *
You hit Natasha. Your punch misses Natasha.
Natasha is moderately wounded.
Natasha stares at you and mumbles some strange words.
The magic dart hits you!
You die...

#.............<##.# #.
#.######......†...#
####. #.# #.##.##.####
#....
#.##.##.#######.##.
#.##.##............
###.........#####.##.
.###...........##.....#.
.....#.#...###.##.......
.......@...# #..(.....#.
.....#h..### #.##.....#.
..# #...# #.##.....#.
#.###.#####.#########
#...........#
######.###### ##.##
####### #...#####
#......
#.......###.#####


You could see Natasha.

Vanquished Creatures
  A dart slug (D:1)
  6 ball pythons
  2 bats (D:1)
  An endoplasm (D:1)
  2 goblins (D:1)
  2 hobgoblins (D:1)
  2 jackals (D:1)
  4 quokkas
  A frilled lizard (D:1)
  2 kobolds
  2 rats (D:1)
25 creatures vanquished.

Notes
Turn   | Place    | Note
-------+----------+-------------------------------------------
     0 | D:1      | pkoi the Demigod Artificer began the quest for the Orb.
     0 | D:1      | Reached XP level 1. HP: 15/15 MP: 3/3
   354 | D:1      | Reached skill level 3 in Evocations
   682 | D:1      | Reached XP level 2. HP: 12/22 MP: 4/4
  1084 | D:1      | Reached skill level 1 in Unarmed Combat
  2393 | D:2      | Noticed Natasha
  2397 | D:3      | Found Cirrogex's Assorted Antiques.
  2404 | D:2      | Killed from afar by Natasha

Illustrated notes

Levels and vault maps discovered:
D:1:      minmay_arrival_radiant_lines, layout_basic,
          shapermc_ecumenical_altar_flowoftime
D:2:      layout_loops_cross, mrwooster_statue_mirror, uniq_natasha
D:3:      layout_basic, serial_shops, shop, uniq_crazy_yiuf_cottage

Skill      XL: |  1  2 |
---------------+-------+-----
Evocations     | 3 |  3.4
Unarmed Combat | 1 |  1.4
Fighting       | |  0.8
Armour         | |  1.7
Dodging        | |  0.8
Stealth        | |  0.8

Action                   || total
-------------------------++-------
Melee: Club              ||    28
       Dagger            ||    65
       Punch             ||     1
Evoke: Wand              ||     5
 Stab: Sleeping          ||     3
Armor: Leather armour    ||    23
Dodge: Dodged            ||    59
